 Dungeon Crawl Stone Soup version 0.29.0-4-gdea44cf6ec (webtiles) character file.

Game seed: 12390965396245406307

14 qw the Vexing (level 2, 0/27 HPs)
             Began as an Ogre Enchanter on Sept 4, 2022.
             Slain by a goblin
             ... wielding a +0 club
              (4 damage)
             ... on level 1 of the Dungeon.
             The game lasted 00:00:21 (1232 turns).

qw the Vexing (Ogre Enchanter)                      Turns: 1232, Time: 00:00:21

Health: 0/27       AC:  3    Str: 11    XL:     2   Next: 45%
Magic:  5/5        EV:  9    Int: 16    God:
Gold:   8          SH:  0    Dex:  9    Spells: 5/5 levels left

rFire   . . .      SeeInvis .   e - +0 long sword
rCold   . . .      Faith    .   (no shield)
rNeg    . . .      Spirit   .   b - +0 robe
rPois   .          Reflect  .   (helmet restricted)
rElec   .          Harm     .   (no cloak)
rCorr   .          Rampage  .   (gloves unavailable)
Will    .....                   (boots unavailable)
Stlth   ++........              (no amulet)
HPRegen 0.09/turn               (no ring)
MPRegen 0.09/turn               (no ring)

@: no status effects
A: large, unfitting armour, tough skin 1
a: no special abilities


You were on level 1 of the Dungeon.
You visited 1 branch of the dungeon, and saw 1 of its levels.

You collected 8 gold pieces.


Innate Abilities, Weirdness & Mutations

You are too large for most types of armour.
You have tough skin. (AC +1)


   Skills:
 - Level 1.0 Fighting
 - Level 0.8 Short Blades
 + Level 1.8 Axes
 - Level 1.7 Dodging
 - Level 2.1 Stealth
 - Level 2.4 Spellcasting
 - Level 2.6 Hexes


You had 5 spell levels left.
You didn't know any spells.
Your spell library contained the following spells:

 Spells                   Type           Power      Damage    Failure   Level
 Ensorcelled Hibernation  Hex/Ice        12%        N/A       17%         2
 Confusing Touch          Hex            10%        N/A       21%         3
 Tukima's Dance           Hex            10%        N/A       21%         3
 Dazzling Flash           Conj/Hex       12%        N/A       34%         3

Inventory:

Hand Weapons
 e - a +0 long sword (weapon)
 f - a +0 club
Armour
 b - a +0 robe (worn)
Scrolls
 d - a scroll of magic mapping {unknown}
Potions
 c - 2 potions of invisibility

Dungeon Overview and Level Annotations

Branches:
Dungeon (1/15)

Altars:


Message History

Done waiting.
1047 ||| Stepping ~*~*~tactically~*~*~ (hiding).
You start waiting.
A goblin is nearby!
1080 ||| Stepping ~*~*~tactically~*~*~ (stealth).
1081 ||| Stepping ~*~*~tactically~*~*~ (hiding).
You start waiting.
Done waiting.
1183 ||| Stepping ~*~*~tactically~*~*~ (hiding).
You start waiting.
A goblin is nearby!
1221 ||| Stepping ~*~*~tactically~*~*~ (stealth).
The gnoll shouts!
1222 ||| Stepping ~*~*~tactically~*~*~ (hiding).
1223 ||| Stepping ~*~*~tactically~*~*~ (stealth).
The gnoll misses you. The gnoll barely misses you.
You barely miss the gnoll.
The goblin shouts!
The gnoll hits you with a +0 spear.
You closely miss the gnoll. The gnoll hits you with a +0 spear.
The gnoll hits you but does no damage.
You hit the gnoll.
The gnoll is heavily wounded.
The goblin hits you with a +0 club. The gnoll barely misses you.
You closely miss the gnoll.
The gnoll is heavily wounded.
The goblin barely misses you. The gnoll hits you with a +0 spear.
The gnoll barely misses you. The goblin closely misses you.
You barely miss the gnoll.
The gnoll is heavily wounded.
The goblin completely misses you. The gnoll hits you with a +0 spear.
You hit the gnoll.
The gnoll is almost dead.
The goblin hits you with a +0 club. The gnoll hits you with a +0 spear.
You hit the gnoll but do no damage.
The gnoll is almost dead.
The goblin closely misses you. The gnoll closely misses you.
The goblin hits you with a +0 club.
You die...

. ... #....
.#.. #.. ...
..^. ##..
#####...# ...
.......#
####g###......#
#..!g@........#
#.##!#......#.#
.?.#......#
##.####..#####
.........)%.#
..
###.#.##..##.#
.# # #..##.# .#
#..##.## .#
#..##..## .#


You could see a gnoll and a goblin.

Vanquished Creatures
  A dart slug (D:1)
  An endoplasm (D:1)
  A goblin (D:1)
  A hobgoblin (D:1)
  2 jackals (D:1)
  A quokka (D:1)
  A ball python (D:1)
  A frilled lizard (D:1)
  A kobold (D:1)
  2 rats (D:1)
12 creatures vanquished.

Notes
Turn   | Place    | Note
-------+----------+-------------------------------------------
     0 | D:1      | qw the Ogre Enchanter began the quest for the Orb.
     0 | D:1      | Reached XP level 1. HP: 16/16 MP: 3/3
     0 | D:1      | 0 ||| qw: Version: 0.1-a-103-gd6f5d3a
     0 | D:1      | 0 ||| qw: Game counter: 5453
     0 | D:1      | 0 ||| qw: Always use a shield: true
     0 | D:1      | 0 ||| qw: God list: Okawaru
     0 | D:1      | 0 ||| qw: Allow faded altars: false
     0 | D:1      | 0 ||| qw: Do Orc after D:15 true
     0 | D:1      | 0 ||| qw: Do second Lair branch before Depths: true
     0 | D:1      | 0 ||| qw: Lair rune preference: random
     0 | D:1      | 0 ||| qw: Plans: Normal
     0 | D:1      | 0 ||| PLANNING D:1-11
   104 | D:1      | 104 ||| SWAPPING to +0 long sword.
   173 | D:1      | 173 ||| Stepping ~*~*~tactically~*~*~ (stealth).
   174 | D:1      | 174 ||| Stepping ~*~*~tactically~*~*~ (stealth).
   176 | D:1      | 176 ||| Stepping ~*~*~tactically~*~*~ (stealth).
   192 | D:1      | 192 ||| Stepping ~*~*~tactically~*~*~ (stealth).
   193 | D:1      | 193 ||| Stepping ~*~*~tactically~*~*~ (stealth).
   207 | D:1      | 207 ||| Stepping ~*~*~tactically~*~*~ (outnumbered).
   209 | D:1      | Reached skill level 1 in Axes
   247 | D:1      | 247 ||| Stepping ~*~*~tactically~*~*~ (stealth).
   255 | D:1      | HP: 3/18 [frozen (5)]
   257 | D:1      | Reached skill level 1 in Fighting
   536 | D:1      | Reached XP level 2. HP: 13/27 MP: 5/5
   727 | D:1      | 727 ||| Stepping ~*~*~tactically~*~*~ (stealth).
   729 | D:1      | 729 ||| Stepping ~*~*~tactically~*~*~ (stealth).
   767 | D:1      | 767 ||| Stepping ~*~*~tactically~*~*~ (stealth).
   768 | D:1      | 768 ||| Stepping ~*~*~tactically~*~*~ (stealth).
   776 | D:1      | 776 ||| Stepping ~*~*~tactically~*~*~ (stealth).
   941 | D:1      | 941 ||| DROPPING +1 dagger.
   943 | D:1      | 943 ||| Stepping ~*~*~tactically~*~*~ (hiding).
  1047 | D:1      | 1047 ||| Stepping ~*~*~tactically~*~*~ (hiding).
  1080 | D:1      | 1080 ||| Stepping ~*~*~tactically~*~*~ (stealth).
  1081 | D:1      | 1081 ||| Stepping ~*~*~tactically~*~*~ (hiding).
  1183 | D:1      | 1183 ||| Stepping ~*~*~tactically~*~*~ (hiding).
  1221 | D:1      | 1221 ||| Stepping ~*~*~tactically~*~*~ (stealth).
  1222 | D:1      | 1222 ||| Stepping ~*~*~tactically~*~*~ (hiding).
  1223 | D:1      | 1223 ||| Stepping ~*~*~tactically~*~*~ (stealth).
  1231 | D:1      | HP: 4/27 [gnoll/+0 spear (4)]
  1232 | D:1      | Slain by a goblin

Levels and vault maps discovered:
D:1:      dpeg_arrival_connections, layout_basic, minmay_cupped

Skill      XL: |  1 |
---------------+----+-----
Axes           | 1 |  1.8
Fighting       | 1 |  1.0
Short Blades   | |  0.8
Dodging        | |  1.7
Stealth        | |  2.1
Spellcasting   | |  2.4
Hexes          | |  2.6

Action                   || total
-------------------------++-------
Melee: Long sword        ||    52
       Dagger            ||     6
Armor: Robe              ||    13
Dodge: Dodged            ||    36

Table legend:
 A = Non-vault XP
 B = Vault XP
 C = Vault XP percentage of total XP
 D = Non-vault monster count
 E = Vault monster count
 F = Vault count percentage of total count
                 A         B        C        D         E       F
            +---------+---------+-------+---------+---------+-------
      Total |      21 |       0 |   0.0 |      12 |       0 |   0.0
            +---------+---------+-------+---------+---------+-------
        D:1 |      21 |       0 |   0.0 |      12 |       0 |   0.0
            +---------+---------+-------+---------+---------+-------
